 Dungeon Crawl Stone Soup version 0.31-a0-1570-g93c622d222 (webtiles) character file.

Game seed: 9928631628518805801

725 jlumianski the Ruffian (level 7, -1/53 HPs)
             Began as a Gnoll Shapeshifter on Jan 3, 2024.
             Splashed by a jelly's acid (9 damage)
             ... on level 5 of the Dungeon.
             The game lasted 00:17:43 (4582 turns).

jlumianski the Ruffian (Gnoll Shapeshifter)         Turns: 4582, Time: 00:17:43

Health: -1/53      AC: -3    Str: 15    XL:     7   Next: 72%
Magic:  11/11      EV:  8    Int: 10    God:
Gold:   235        SH:  0    Dex: 11    Spells: 11/11 levels left

rFire   . .          .
                       - Unarmed
rCold   . . .        (no shield)
rNeg    . . .        q - +0 chain mail
rPois   .            (helmet currently unavailable)
rElec   .            (cloak currently unavailable)
rCorr   .            (gloves currently unavailable)
SInv    .            (boots currently unavailable)
Will    .....        (no amulet) Stlth
                     g - +4 ring of slaying
HPRegen 0.28/turn    (no ring)
MPRegen 0.12/turn

%: no passive effects
@: beast-form, corroded
A: beast (slay +4), fangs 1, strong nose, distributed training
a: Begin Untransformation


You were on level 5 of the Dungeon.
You were a hulking beast.
You visited 1 branch of the dungeon, and saw 5 of its levels.
You also visited: Sewer.

You collected 235 gold pieces.

Inventory:

Hand Weapons
 x - a +0 longbow
Missiles
 E - 4 boomerangs (quivered)
Armour
 a - a +0 animal skin
 f - a +0 leather armour
 h - a +0 pair of gloves
 j - a +0 ring mail
 o - a +0 helmet
 q - a +0 chain mail (worn)
 w - the +0 scale mail of Panentheism {MP+9}
   (You found it on level 2 of the Dungeon)

   MP+9:      It affects your magic capacity (+9).
 F - a +0 leather armour of cold resistance
Jewellery
 g - a +4 ring of slaying (left hand)
 s - an amulet of magic regeneration
Talismans
 c - a beast talisman
 d - a flux talisman
Wands
 r - a wand of mindburst (18)
 t - a wand of flame (7)
Scrolls
 e - 2 scrolls of fear
 m - 3 scrolls of teleportation
 p - 2 scrolls of vulnerability
 u - a scroll of brand weapon
 v - a scroll of torment
 y - a scroll of immolation
 A - 2 scrolls of identify
Potions
 b - 2 potions of lignification
 i - a potion of heal wounds
 k - 2 potions of curing
 l - a potion of mutation
 n - 2 potions of cancellation
 z - a potion of haste
 B - 2 potions of brilliance
 C - a potion of degeneration {unknown}
 H - a potion of enlightenment
 J - 2 potions of invisibility {unknown}


   Skills:
 + Level 3.8 Fighting
 + Level 2.7 Short Blades
 + Level 2.7 Long Blades
 + Level 2.7 Axes
 + Level 2.7 Maces & Flails
 + Level 2.7 Polearms
 + Level 2.7 Staves
 + Level 2.7 Ranged Weapons
 + Level 2.7 Throwing
 + Level 2.7 Armour
 + Level 5.4 Dodging
 + Level 2.7 Stealth
 + Level 2.7 Shields
 + Level 7.1 Unarmed Combat
 + Level 2.7 Spellcasting
 + Level 2.2 Conjurations
 + Level 2.2 Hexes
 + Level 2.2 Summonings
 + Level 2.2 Necromancy
 + Level 2.2 Translocations
 + Level 2.2 Fire Magic
 + Level 2.2 Ice Magic
 + Level 2.2 Air Magic
 + Level 2.2 Earth Magic
 + Level 2.2 Alchemy
 + Level 3.0 Invocations
 + Level 2.7 Evocations
 + Level 7.0 Shapeshifting


You had 11 spell levels left.
You didn't know any spells.
Your spell library contained the following spells:

 Spells                   Type           Power      Damage    Failure   Level
 Summon Small Mammal      Summ           20%        N/A       85%         1
 Cigotuvi's Dreadful Rot  Necr/Alch/Air  10%        N/A       94%         2
 Call Canine Familiar     Summ           5%         N/A       99%         3
 Mephitic Cloud           Conj/Alch/Air  5%         N/A       99%         3
 Tukima's Dance           Hex            5%         N/A       99%         3
 Dimensional Bullseye     Hex/Tloc       2%         N/A       100%        4
 Dispel Undead            Necr           5%         3d7       100%        4
 Martyr's Knell           Necr/Summ      5%         N/A       100%        4
 Summon Blazeheart Golem  Fire/Summ      5%         N/A       100%        4
 Death Channel            Necr           2%         N/A       100%        6
 Enfeeble                 Hex            2%         N/A       100%        7


Dungeon Overview and Level Annotations

Branches:
Dungeon (5/15)              Sewer (visited)
 Temple: D:4-7

Altars:

Annotations:
D:2 1 runed translucent door, Crazy Yiuf


Innate Abilities, Weirdness & Mutations

You are a hulking beast.
Your limbs bulge with bestial killing power. (Slay +4)
You have very sharp teeth.
Your uncanny sense of smell can sniff out nearby items.
Your experience applies equally to all skills.


Message History

There is a stone staircase leading down here.
You climb downwards.
The hound barely misses you. The hound bites you but does no damage.
There is a stone staircase leading up here.
The hound bites you but does no damage. The hound barely misses you.
You climb upwards.
There is a stone staircase leading down here.
You punch the hound!
The hound is heavily wounded.
The hound barely misses you.
You barely miss the hound.
The hound is heavily wounded.
The hound barely misses you.
You closely miss the hound. Your bite misses the hound.
The hound is heavily wounded.
The hound bites you but does no damage. The hound bites you.
You barely miss the hound. You punch the hound!
You kill the hound!
There is a stone staircase leading down here.
You climb downwards.
The jelly hits you. The acid corrodes you!
You are splashed with acid!
There is a stone staircase leading up, spattered with blood here.
You punch the jelly! The acid corrodes you!
Your hands burn!
The jelly is heavily wounded.
The jelly hits you.
You are splashed with acid!
You punch the jelly!
Your hands burn!
You bite the jelly, but do no damage.
The jelly is almost dead.
The jelly hits you. The acid corrodes you!
You are splashed with acid.
You hit the jelly.
Your hands burn!
* * * LOW HITPOINT WARNING * * *
You bite the jelly, but do no damage.
The jelly is almost dead.
The jelly hits you.
* * * LOW HITPOINT WARNING * * *
You are splashed with acid!
* * * LOW HITPOINT WARNING * * *
You feel better. The jelly hits you.
* * * LOW HITPOINT WARNING * * *
You are splashed with acid!
You die...

#.........# #######
#.........#######......
#......................
.#..........######.#####
............# #.### #
∆#..........# #...###
#..........# #.#..÷~
.#.....hJ...# #.#####
.......<....# #.# #
...#######..# #.# # . .#
#.# # #. # ##.##### #..
#.....## #..### #.#####~
....###.# ## #.....#.# #


You could see a jelly.

Vanquished Creatures
  A black bear (D:3)
  An ogre (D:4)
  A scorpion (D:4)
  A hound (D:4)
  4 jellies
  An orc priest (D:3)
  An iguana (D:5)
  Terence (D:2)
  Robin (D:2)
  6 adders
  3 river rats
  2 dart slugs
  2 ribbon worms
  26 orcs
  12 endoplasms
  4 giant cockroaches
  13 goblins
  6 hobgoblins
  7 jackals
  5 quokkas
  7 ball pythons
  9 bats
  3 frilled lizards
  8 kobolds
  12 rats
137 creatures vanquished.

Notes
Turn   | Place    | Note
-------+----------+-------------------------------------------
     0 | D:1      | jlumianski the Gnoll Shapeshifter began the quest for the
                  | Orb.
     0 | D:1      | Reached XP level 1. HP: 17/17 MP: 1/1
   233 | D:1      | Reached XP level 2. HP: 23/23 MP: 2/2
   535 | D:1      | Reached XP level 3. HP: 28/28 MP: 3/3
   738 | D:3      | Got the Encyclopedia of Ill-fated Compounds
   805 | D:2      | Reached skill level 1 in Invocations
   831 | D:2      | Noticed Robin
   848 | D:2      | Killed Robin
   849 | D:2      | Reached skill level 1 in Short Blades
   849 | D:2      | Reached skill level 1 in Long Blades
   849 | D:2      | Reached skill level 1 in Axes
   849 | D:2      | Reached skill level 1 in Maces & Flails
   849 | D:2      | Reached skill level 1 in Polearms
   849 | D:2      | Reached skill level 1 in Staves
   849 | D:2      | Reached skill level 1 in Ranged Weapons
   849 | D:2      | Reached skill level 1 in Throwing
   849 | D:2      | Reached skill level 1 in Armour
   849 | D:2      | Reached skill level 1 in Stealth
   849 | D:2      | Reached skill level 1 in Shields
   849 | D:2      | Reached skill level 1 in Spellcasting
   849 | D:2      | Reached skill level 1 in Evocations
  1024 | D:2      | Reached XP level 4. HP: 34/34 MP: 5/5
  1057 | D:2      | Noticed Terence
  1072 | D:2      | Killed Terence
  1073 | D:2      | Reached skill level 1 in Conjurations
  1073 | D:2      | Reached skill level 1 in Hexes
  1073 | D:2      | Reached skill level 1 in Summonings
  1073 | D:2      | Reached skill level 1 in Necromancy
  1073 | D:2      | Reached skill level 1 in Translocations
  1073 | D:2      | Reached skill level 1 in Fire Magic
  1073 | D:2      | Reached skill level 1 in Ice Magic
  1073 | D:2      | Reached skill level 1 in Air Magic
  1073 | D:2      | Reached skill level 1 in Earth Magic
  1073 | D:2      | Reached skill level 1 in Alchemy
  1478 | D:2      | Found a runed translucent door.
  1479 | D:2      | Noticed Crazy Yiuf
  1555 | D:2      | Identified the +0 scale mail of Panentheism {MP+9}
  2067 | D:3      | Reached XP level 5. HP: 23/40 MP: 5/7
  3046 | D:4      | Noticed a black bear
  3087 | D:3      | Reached XP level 6. HP: 42/47 MP: 8/8
  3101 | D:3      | Killed a black bear
  3102 | D:3      | Reached skill level 5 in Dodging
  3576 | D:5      | Entered Level 5 of the Dungeon
  3582 | D:5      | Reached XP level 7. HP: 52/52 MP: 10/10
  3882 | D:5      | Found a glowing drain.
  3889 | Sewer    | Entered a sewer
  4059 | Sewer    | Found a viscous altar of Jiyva.
  4581 | D:5      | HP: 2/53 [acid (9)]
  4582 | D:5      | Splashed by a jelly's acid

Illustrated notes

Levels and vault maps discovered:
D:1:      minmay_arrival_five_plusses, layout_loops_ring
D:2:      layout_loops_ring, minmay_misc_feat_hallway,
          chequers_serial_rivers_large_b, eino_tiny_chamber, fountainhead,
          uniq_robin, uniq_terence, uniq_crazy_yiuf_cottage
D:3:      layout_basic
D:4:      layout_cave_pools
D:5:      layout_loops_ring, mainiacjoe_overflow_surrounded_room, temple_green,
          gup_sewer_entry_bubbles

Skill      XL: |  1  2  3  4  5  6  7 |
---------------+----------------------+-----
Invocations    | 1 2 3 |  3.0
Short Blades   | 1 2 |  2.7
Long Blades    | 1 2 |  2.7
Axes           | 1 2 |  2.7
Maces & Flails | 1 2 |  2.7
Polearms       | 1 2 |  2.7
Staves         | 1 2 |  2.7
Ranged Weapons | 1 2 |  2.7
Throwing       | 1 2 |  2.7
Armour         | 1 2 |  2.7
Stealth        | 1 2 |  2.7
Shields        | 1 2 |  2.7
Spellcasting   | 1 2 |  2.7
Evocations     | 1 2 |  2.7
Conjurations   | 1 2 |  2.2
Hexes          | 1 2 |  2.2
Summonings     | 1 2 |  2.2
Necromancy     | 1 2 |  2.2
Translocations | 1 2 |  2.2
Fire Magic     | 1 2 |  2.2
Ice Magic      | 1 2 |  2.2
Air Magic      | 1 2 |  2.2
Earth Magic    | 1 2 |  2.2
Alchemy        | 1 2 |  2.2
Fighting       | 3 |  3.8
Dodging        | 5 |  5.4
Unarmed Combat | 7 |  7.1
Shapeshifting  | 7 |  7.0

Action                     |  1- 3 |  4- 6 |  7- 9 || total
---------------------------+-------+-------+-------++-------
  Melee: Unarmed           |    64 |    88 |    95 ||   247
         Bite              |     4 |     5 |     9 ||    18
         Punch             |       |     4 |     3 ||     7
  Throw: Boomerang         |       |     3 |       ||     3
  Evoke: Wand              |       |     1 |       ||     1
    Use: Scroll            |     6 |     1 |     7 ||    14
         Potion            |       |     2 |     2 ||     4
 Armour: Leather armour    |    12 |       |       ||    12
         Ring mail         |    19 |     7 |       ||    26
         Chain mail        |       |    88 |    65 ||   153
  Dodge: Dodged            |    40 |    47 |    47 ||   134

Table legend: (Time is in decaauts)
 A = Elapsed time spent in this place.
 B = Non-inter-level travel time spent in this place.
 C = Inter-level travel time spent in this place.
 D = Time resting spent in this place.
 E = Time spent auto-exploring this place.
 F = Levels seen in this place.
 G = Mean time per level.
                   A        B        C        D        E       F      G
               +--------+--------+--------+--------+--------+-----+--------+
         Total |   4643 |   4485 |    158 |    403 |   2222 |   6 |  773.8 |
       Dungeon |   4364 |   4206 |    158 |    403 |   2197 |   5 |  872.8 |
         Sewer |    278 |    278 |      0 |      0 |     25 |   1 |  278.0 |
               +--------+--------+--------+--------+--------+-----+--------+

Top non-repeatable levels by time:
     D:3: 1531 daAuts
     D:2: 1031 daAuts
     D:4: 757 daAuts
     D:1: 654 daAuts
     D:5: 389 daAuts
   Sewer: 278 daAuts
